[Event "Early-Titled-Tuesday-Blitz-March-19-2024"]
[Site "Chess.com"]
[Date "2024.03.19"]
[Round "1"]
[White "Makswolf200817"]
[Black "BallottiLuca"]
[Result "1-0"]
[WhiteElo "2746"]
[BlackElo "2406"]
[TimeControl "180+1"]
[EndTime "8:08:09 PDT"]
[Termination "Makswolf200817 won by resignation"]

1. d4 Nf6 2. c4 c5 3. Nf3 cxd4 4. Nxd4 Nc6 5. g3 g6 6. Bg2 Bg7 7. Nc3 O-O 8. Nc2 d6 9. O-O Be6 10. b3 Qd7 11. Re1 Bh3 12. Bh1 Ng4 13. Bb2 Qf5 14.
f3 Qxc2 15. Qxc2 Bd4+ 16. e3 Nxe3 17. Qf2 Nc2 18. g4 Nxa1 19. Bxa1 Bxf2+ 20. Kxf2 f5 21. Kg3 fxg4 22. fxg4 Rf1 23. Bd5+ Kf8 24. Rd1 Rxd1 25.
Nxd1 Bf1 26. Be4 Be2 27. Ne3 h5 28. h3 hxg4 29. hxg4 e5 30. Kf2 Nd4 31. Bxg6 Kg7 32. Be4 Rf8+ 33. Ke1 Rf4 34. Bxb7 Bf3 35. Bd5 Bxd5 36.
Nxd5 Rxg4 37. Bc3 Rg1+ 38. Kf2 Rc1 39. Bb4 Rc2+ 40. Ke3 Rxa2 41. Bxd6 Nxb3 42. Bxe5+ Kg6 43. Nb4 Rb2 44. Bxb2 Nc5 45. Bd4 a5 46. Bxc5 axb4 47.
Bxb4 Kf7 48. Kd4 Ke8 49. Kc5 Kd7 50. Kb6 Kc8 51. c5 Kb8 52. c6 Kc8 53. c7 Kd7 54. Kb7 1-0

[Event "Early-Titled-Tuesday-Blitz-March-19-2024"]
[Site "Chess.com"]
[Date "2024.03.19"]
[Round "1"]
[White "NowInChess"]
[Black "andrew-blr"]
[Result "1-0"]
[WhiteElo "2257"]
[BlackElo "2608"]
[TimeControl "180+1"]
[EndTime "8:08:09 PDT"]
[Termination "NowInChess won by checkmate"]

1. e4 c5 2. d3 g6 3. g3 Bg7 4. Bg2 Nc6 5. f4 e5 6. Nf3 Nge7 7. O-O d6 8. f5 gxf5 9. Nh4 fxe4 10. dxe4 f5 11.
Nxf5 Nxf5 12. Qh5+ Kd7 13. Qxf5+ Kc7 14. Qf7+ Qd7 15.
Bh3 Qe7 16. Nc3 Kb8 17. Bxc8 Rxc8 18. Nd5 Qxf7 19. Rxf7 Bf8 20. Rxh7 Nb4 21. c3 Nxd5 22. exd5 Rc7 23. Rh8 Rc8 24. Bh6 Kc7 25. Rf1 Bxh6 26. Rxh6 Rf8 27. Rhf6 Rxf6 28. Rxf6 Rg8 29. Kf2 c4 30. h4 b5 31. h5 a5 32. h6 b4 33. h7 Rh8 34. Rf7+ Kb6 35. g4 a4 36. a3 Kc5 37. g5 Kxd5 38. g6 Ke6 39. Rf3 bxa3 40. bxa3 e4 41. Rf4 Ke5 42. Ke3 d5 43. Rf7 Ke6 44. Rf2 d4+ 45. cxd4 c3 46. Kxe4 c2 47.
Rxc2 Kf6 48. Rg2 Kg7 49. d5 Re8+ 50. Kd4 Rd8 51. Kc5 Rc8+ 52. Kd6 Rc3 53. Kd7 Rxa3 54. d6 Rd3 55. Ke7 Re3+ 56. Kd8 a3 57. d7 Rd3 58.
Ra2 Kh8 59. Rg2 Kg7 60. Rh2 Kxg6 61. h8=Q Rf3 62. Qg8+ Kf5 63. Qf8+ Ke4 64. Qxf3+ Kxf3 65. Ra2 Ke4 66. Rxa3 Ke5 67. Kc8 Ke6 68. d8=Q Kf7 69. Qd6 Ke8 70. Re3+ Kf7 71. Qf4+ Kg8 72. Rg3+ Kh7 73.
Qh4# 1-0

[Event "Early-Titled-Tuesday-Blitz-March-19-2024"]
[Site "Chess.com"]
[Date "2024.03.19"]
[Round "1"]
[White "mary-sanna"]
[Black "Zq1"]
[Result "0-1"]
[WhiteElo "2204"]
[BlackElo "2612"]
[TimeControl "180+1"]
[EndTime "8:08:11 PDT"]
[Termination "Zq1 won by resignation"]

1. d4 Nf6 2. c4 a6 3. Nf3 e6 4. g3 c5 5. d5 exd5 6. cxd5 d6 7. a4 g6 8. Bg2 Bg7 9. O-O O-O 10. Nc3 Nbd7 11. Bf4 Qe7 12. Re1 Nh5 13. Bg5 Bf6 14. Bxf6 Nhxf6 15. Qd2 Rb8 16. Qd3 Re8 17. h3 Ne5 18. Nxe5 Qxe5 19. e3 Bd7 20. a5 b5 21.
axb6 Rxb6 22. Reb1 Bf5 23. e4 Nxe4 24. Nxe4 Bxe4 25.
Bxe4 Qxe4 26. Qd2 Re5 27. Qa5 Qb4 28. Qxb4 Rxb4 29. Rxa6 Rxd5 30. Kg2 Rb3 31. Ra7 Rd2 32. Rd7 Kf8 33. Ra1 Rbxb2 34. Ra8+ Kg7 35. Raa7 Rxf2+ 36. Kg1 Rf6 37. g4 h6 38. h4 Rb4 39. g5 hxg5 40. hxg5 Rg4+ 41. Kh2 Rxg5 42. Kh3 Rf1 43. Kh2 d5 44. Rac7 d4 45. Rd8 Rf4 46. Kh3 Rff5 47. Rcc8 Rd5 48. Rg8+ Kf6 49. Rc6+ Kf5 50.
Rf8 Ke4 51. Rxf7 d3 52. Re6+ Rge5 53. Rxg6 d2 54. Rg4+ Kd3 55. Rf3+ Kc2 56. Rg2 Rd3 57. Kg3 Rxf3+ 58. Kxf3 Kc1 59. Kf4 Re1 0-1

[Event "Early-Titled-Tuesday-Blitz-March-19-2024"]
[Site "Chess.com"]
[Date "2024.03.19"]
[Round "1"]
[White "KetiTsatsalashvili"]
[Black "KuzubovYuriy"]
[Result "0-1"]
[WhiteElo "2503"]
[BlackElo "2900"]
[TimeControl "180+1"]
[EndTime "8:08:12 PDT"]
[Termination "KuzubovYuriy won by resignation"]

1. d4 Nf6 2. Nf3 e6 3. e3 c5 4. Bd3 Nc6 5. a3 b6 6. O-O Bb7 7. Qe2 Be7 8. b3 O-O 9. Bb2 Qc7 10. Nbd2 cxd4 11. exd4 Nd5 12. Ne5 Nf4 13. Qe3 Nxe5 14. dxe5 Nxg2 15. Qh3 g6 16. Be4 Nf4 17. Qg4 Nh5 18.
Bxb7 Qxb7 19. Ne4 Rac8 20. Rac1 Rfd8 21. Qf3 Qc6 22. c4 Ng7 23. Rfd1 Nf5 24. b4 Qa4 25. Nf6+ Bxf6 26. exf6 Qc6 27. Qxc6 dxc6 28. Be5 Kf8 29. c5 b5 30. Bc7 Rxd1+ 31. Rxd1 Ke8 32. Ba5 Nh6 33.
Rd3 Ng4 34. Rf3 Ne5 35. Rh3 h5 36. Re3 Nd7 37. Rd3 Nxf6 38. Kg2 Nd5 39. Kf3 f6 40. Rd1 Kf7 41. Ke4 a6 42. Kd3 e5 43. f3 Ke6 44.
Re1 g5 45. Ke4 f5+ 46. Kd3 Rg8 47. Bb6 g4 48. fxg4 Rxg4 49. Ba7 Rd4+ 50. Kc2 f4 51. Bb8 e4 52. Rg1 f3 53. Rg6+ Kf5 54. Rg8 e3 55.
Rf8+ Kg4 56. h3+ Kxh3 57. Rxf3+ Kg2 58. Rg3+ Kf2 59. Rg5 h4 60. Rf5+ Kg2 61. Rg5+ Kf3 62. Rf5+ Nf4 63. Re5 e2 64. Kc3 Rd3+ 65. Kc2 Rd1 66.
Rf5 e1=Q 67. Rxf4+ Kg2 0-1

[Event "Early-Titled-Tuesday-Blitz-March-19-2024"]
[Site "Chess.com"]
[Date "2024.03.19"]
[Round "1"]
[White "Rodalquilar"]
[Black "EternalNight8"]
[Result "1/2-1/2"]
[WhiteElo "2800"]
[BlackElo "2488"]
[TimeControl "180+1"]
[EndTime "8:08:12 PDT"]
[Termination "Game drawn by repetition"]

1. d4 Nf6 2. Nf3 e6 3. Bf4 d5 4. e3 c5 5. Nbd2 Nc6 6. c3 Nh5 7. Bg5 f6 8. Ne5 g6 9. g4 fxg5 10. gxh5 Nxe5 11. dxe5 Bg7 12. h4 gxh4 13. hxg6 hxg6 14.
Qg4 Qe7 15. Bb5+ Bd7 16. Qxg6+ Kd8 17. Bxd7 Kxd7 18. O-O-O Bxe5 19. Nf3 Bf6 20. c4 Rag8 21. Qc2 Kc8 22. cxd5 exd5 23. Rxd5 Kb8 24. Qf5 Qg7 25. Rd7 Bxb2+ 26. Kb1 Qc3 27. Rd3 Qf6 28. Qe4 Re8 29. Qg4 Rhg8 30. Qf4+ Qxf4 31. exf4 Bf6 32. Nxh4 Rh8 33.
Rdh3 Re2 34. Nf5 Rb2+ 35. Kc1 Rxh3 36. Rxh3 Rxf2 37. Rh6 Bd4 38. Nd6 Rxf4 39. Rh7 Be5 40. Nxb7 Rc4+ 41. Kd2 Bf4+ 42. Ke2 Rc2+ 43. Kf3 Bc7 44.
Ke4 Kxb7 45. Kd5 Kb6 46. Rh6+ Kb7 47. a4 c4 48. Kd4 Bb6+ 49. Kd5 c3 50. Kc4 Rc1 51.
Kb3 c2 52. Kb2 Be3 53. Rh3 Bg5 54. Rg3 Bf4 55. Rf3 Bg5 56. Rg3 Bd2 57. Rd3 Bh6 58. Rh3 Bg5 59. Rg3 1/2-1/2

[Event "Early-Titled-Tuesday-Blitz-March-19-2024"]
[Site "Chess.com"]
[Date "2024.03.19"]
[Round "1"]
[White "dropstoneDP"]
[Black "musclemonster12"]
[Result "0-1"]
[WhiteElo "2973"]
[BlackElo "2563"]
[TimeControl "180+1"]
[EndTime "8:08:13 PDT"]
[Termination "musclemonster12 won on time"]

1. e4 c6 2. d4 d5 3. e5 c5 4. c3 Nc6 5. a3 c4 6. Nd2 Bf5 7. Ne2 e6 8. Ng3 Bg6 9. h4 h6 10. h5 Bh7 11. Nf3 Nge7 12. Be2 Nf5 13. Nxf5 Bxf5 14. Nh4 Bh7 15. b4 cxb3 16. Qxb3 Qd7 17.
a4 Be7 18. Ba3 O-O 19. Bxe7 Qxe7 20. g3 b6 21. O-O Na5 22. Qd1 Rac8 23. Rc1 Qa3 24. Bd3 Rxc3 25. Bxh7+ Kxh7 26. Qd2 Rfc8 27. Rxc3 Qxc3 28. Qf4 Rc7 29. g4 Qd3 30. g5 hxg5 31.
Qxg5 Qxd4 32. Ng6 Rc4 33. Kh2 Qg4 34. Qxg4 Rxg4 35. Ne7 Rxa4 36. f4 d4 37. f5 exf5 38. Nxf5 d3 39. Nd6 d2 40. Nxf7 Rd4 41. Rd1 Nc4 42.
e6 Kg8 43. Ng5 Rd5 44. Nf3 Rxh5+ 45. Kg3 Rd5 46. Kf4 Kf8 47. Ke4 Rd6 48. Nd4 g6 49.
Rf1+ Ke8 50. Rh1 Nb2 51. Rh8+ Ke7 52. Rh7+ Kf6 53. e7 Rxd4+ 54. Ke3 Nc4+ 55. Kf2 Re4 0-1

[Event "Early-Titled-Tuesday-Blitz-March-19-2024"]
[Site "Chess.com"]
[Date "2024.03.19"]
[Round "1"]
[White "MightyMike_009"]
[Black "BashirliSaadat"]
[Result "1-0"]
[WhiteElo "2719"]
[BlackElo "2365"]
[TimeControl "180+1"]
[EndTime "8:08:20 PDT"]
[Termination "MightyMike_009 won by resignation"]

1. d4 d5 2. c4 e6 3. Nc3 c6 4. Nf3 dxc4 5. a4 Bb4 6. e3 b5 7. axb5 cxb5 8. Bd2 Qb6 9. Ne5 Nf6 10. Be2 O-O 11.
O-O Bb7 12. f4 Nbd7 13. Nd5 Nxd5 14. Nxd7 Qc6 15. Nxf8 Bxf8 16. Bf3 Qc7 17. Ba5 Qd7 18. Qd2 b4 19. Rfc1 Rc8 20. Qe2 f5 21. h3 h6 22. Kh2 Kh7 23. g4 fxg4 24. hxg4 Bd6 25. Be4+ Kg8 26. Qf3 c3 27. bxc3 bxc3 28. Bxc3 Qc7 29.
Bd2 Qd7 30. Rxa7 Rxc1 31. Bxc1 Qc6 32. Bd2 Qb6 33. Rxb7 Qxb7 34. Kh3 Qb2 35. Bxd5 exd5 36. Qxd5+ Kh7 37. Qxd6 Qxd2 38. Qe5 Qe1 39. Qe4+ Kg8 40. Qf3 Qd2 41. d5 Qd3 42. Kg3 Qb1 43. e4 Qg1+ 44.
Kh3 Qd4 45. e5 Qd2 46. d6 Qd4 47. Kg3 Qc5 48. Qd3 Qg1+ 49. Kf3 Qh1+ 50. Ke3 Qg1+ 51. Ke4 Qxg4 52. d7 Qg6+ 53. Kd4 Qb6+ 54. Kd5 Qb7+ 55.
Ke6 Qc6+ 56. Qd6 Qc4+ 57. Qd5 Qa6+ 58. Ke7+ Kh7 59. d8=Q Qa7+ 60. Q8d7 Qa3+ 61. Q7d6 Qa7+ 62. Ke6 Qa1 63. Qd3+ g6 64. Qe7+ 1-0

[Event "Early-Titled-Tuesday-Blitz-March-19-2024"]
[Site "Chess.com"]
[Date "2024.03.19"]
[Round "1"]
[White "Viktor_Poddubnyi"]
[Black "awesomevishesh"]
[Result "1-0"]
[WhiteElo "2314"]
[BlackElo "2638"]
[TimeControl "180+1"]
[EndTime "8:08:20 PDT"]
[Termination "Viktor_Poddubnyi won by resignation"]

1. e4 c5 2. Nf3 d6 3. d4 cxd4 4. Nxd4 Nf6 5. Nc3 a6 6. Bg5 e6 7.
Qf3 Nbd7 8. O-O-O Qc7 9. g4 b5 10. a3 Bb7 11. Rg1 Rc8 12. Bxf6 Nxf6 13. g5 Nd7 14. h4 g6 15. h5 Bg7 16. Bh3 Nc5 17. Kb1 O-O 18. Qe3 Qb6 19. hxg6 hxg6 20. Rh1 b4 21.
axb4 Qxb4 22. Bg2 Rfe8 23. Rh3 Nd7 24. Nb3 Ne5 25. Bf1 Nc4 26. Bxc4 Qxc4 27. Qd3 Qxd3 28. Rhxd3 Bxc3 29. bxc3 Bxe4 30. Rxd6 Rc7 31. Rd7 Rec8 32. Rxc7 Rxc7 33. Kb2 Kg7 34. Ra1 Rb7 35. Rxa6 Rb5 36. f4 Rf5 37. Nd4 Rxf4 38. Ra7 e5 39. Ne6+ Kg8 40.
Nxf4 exf4 41. Ra4 Bd5 42. Rxf4 Kf8 43. c4 Be6 44. Kc3 Ke7 45. Kd4 Kd6 46. c5+ Kc6 47.
Rf1 Kc7 48. Rb1 Kc6 49. Rb6+ Kc7 50. Rxe6 fxe6 51. Ke5 Kc6 52. Kxe6 Kxc5 53. Kf6 Kc4 54. Kxg6 Kc3 55. Kf7 Kxc2 56. g6 Kd3 57. g7 Ke4 58.
g8=Q 1-0

[Event "Early-Titled-Tuesday-Blitz-March-19-2024"]
[Site "Chess.com"]
[Date "2024.03.19"]
[Round "1"]
[White "BozeKat"]
[Black "viktorskliarov"]
[Result "0-1"]
[WhiteElo "2049"]
[BlackElo "2588"]
[TimeControl "180+1"]
[EndTime "8:08:21 PDT"]
[Termination "viktorskliarov won by resignation"]

1. d4 Nf6 2. Bg5 Ne4 3. Bf4 c5 4. f3 Qa5+ 5. c3 Nf6 6. d5 Qb6 7. Bc1 e6 8. e4 exd5 9. exd5 d6 10. c4 g6 11. Bd3 Bg7 12. Ne2 O-O 13. O-O Nbd7 14.
Nbc3 Ne5 15. b3 Nxd3 16. Qxd3 Bf5 17. Qd2 Rae8 18. Bb2 Qd8 19. Ng3 Qd7 20. Rae1 a6 21. Nce4 Bxe4 22. fxe4 Ng4 23. Bxg7 Kxg7 24. Qg5 h6 25.
Nh5+ Kh8 26. Nf6 Nxf6 27. Qxf6+ Kh7 28. e5 dxe5 29. Rxe5 Rxe5 30. Qxe5 Re8 31. Qf6 Kg8 32. h4 Qe7 33. h5 Qxf6 34. Rxf6 Kg7 35. Rb6 Re7 36.
hxg6 fxg6 37. Kf2 h5 38. Kf3 Kh6 39. Re6 Rxe6 40. dxe6 Kg7 41. Kf4 Kf6 42. e7 Kxe7 43. Kg5 Kf7 44. a3 b6 45. b4 a5 46. bxc5 bxc5 47.
a4 Kg7 48. Kf4 Kf6 49. Ke4 Ke6 50.
Kf4 Kf6 51. Ke4 g5 52. Kd5 h4 53. Kxc5 g4 54. Kd4 h3 55. gxh3 gxh3 56. Kc5 h2 57. Kb5 h1=Q 58. Kxa5 Qb7 59. c5 Qc6 60. Kb4 Ke5 61. a5 Kd5 62. a6 Qxa6 0-1

[Event "Early-Titled-Tuesday-Blitz-March-19-2024"]
[Site "Chess.com"]
[Date "2024.03.19"]
[Round "1"]
[White "GHANDEEVAM2003"]
[Black "ahkashefi2800"]
[Result "1-0"]
[WhiteElo "3068"]
[BlackElo "2563"]
[TimeControl "180+1"]
[EndTime "8:08:23 PDT"]
[Termination "GHANDEEVAM2003 won on time"]

1. b3 d5 2. Bb2 c6 3. Nf3 Nf6 4. c4 Bf5 5. Nh4 Bg6 6. g3 Nbd7 7. Bg2 e6 8. O-O Be7 9. d4 O-O 10. Nxg6 hxg6 11. Nd2 a5 12. a3 Re8 13. Qc2 Bd6 14.
Rfd1 Qe7 15. e3 e5 16. cxd5 cxd5 17. dxe5 Bxe5 18. Nf3 Bxb2 19. Qxb2 Nc5 20. Nd4 Rac8 21. Rac1 Nfe4 22. Nb5 Nxf2 23. Qxf2 Nd3 24. Rxd3 Rxc1+ 25. Bf1 Qc5 26. a4 Re6 27. Rd4 Rc2 28. Qf3 Rf6 29. Rf4 Rb2 30. Nd4 Rxf4 31. Qxf4 Qc1 32. Nf3 f6 33. Nd4 Qd2 34. g4 g5 35. Qg3 Rb1 36. Qf3 Re1 37. Nf5 b6 38. Qxd5+ Qxd5 39. Ne7+ Kf7 40.
Nxd5 Ke6 41. Nxb6 Rxe3 42. Kf2 Rc3 43. Bc4+ Ke5 44. Nd5 Rc2+ 45. Kg3 g6 46. Ne7 Rc3+ 47.
Kf2 Rc2+ 48. Ke3 Rxh2 49. Nxg6+ Kd6 50. Ke4 Rf2 51. Ke3 Rg2 52. Kf3 Rc2 53. Nh8 Rh2 54. Nf7+ Ke7 55. Ke4 Rf2 56. Nh6 Rf4+ 57. Kd5 Kf8 58.
Be2 Kg7 59. Nf5+ Kf7 60. Kc5 Ke6 61. Kb5 Rb4+ 62. Kxa5 Ke5 63. Kxb4 1-0

[Event "Early-Titled-Tuesday-Blitz-March-19-2024"]
[Site "Chess.com"]
[Date "2024.03.19"]
[Round "1"]
[White "Meri-Arabidze"]
[Black "Fore_Man"]
[Result "1-0"]
[WhiteElo "2675"]
[BlackElo "2331"]
[TimeControl "180+1"]
[EndTime "8:08:23 PDT"]
[Termination "Meri-Arabidze won by checkmate"]

1. d4 Nf6 2. c4 e6 3. g3 d5 4. Bg2 dxc4 5. Nf3 c5 6. O-O Nc6 7. dxc5 Qxd1 8. Rxd1 Bxc5 9. Nbd2 c3 10. bxc3 O-O 11. Nb3 Bb6 12. c4 a5 13. c5 Bc7 14. Nbd4 Nxd4 15. Nxd4 Be5 16. Rb1 Rd8 17. e3 Bb8 18. Ba3 e5 19. Nb5 Re8 20. Nd6 Bxd6 21. cxd6 Rb8 22. Bc5 Be6 23. a4 Nd7 24. Ba7 Rbc8 25. Rxb7 Rc4 26. h4 Rd8 27. Bf1 Rxa4 28.
Rc1 Kf8 29. Ba6 Rb4 30. Rbc7 Nf6 31. Bc5 Rbb8 32. d7+ Kg8 33. Be7 Bxd7 34. Bxd8 Rxd8 35. Rd1 Kf8 36. Bb5 Ke8 37. Bxd7+ Nxd7 38. Ra7 Ke7 39. Kg2 Ke6 40. e4 Ke7 41. h5 h6 42. g4 Ke6 43.
f3 Ke7 44. Kg3 Ke6 45. Ra6+ Ke7 46. Rxa5 Ke6 47. Ra6+ Ke7 48. Ra7 Ke6 49. Rb7 Ke7 50. Kf2 Ke6 51. Ke3 Ke7 52. Rd5 Ke6 53. Ra7 f6 54. f4 exf4+ 55. Kxf4 Ke7 56. Kf5 Ke8 57. Raxd7 Rxd7 58. Rxd7 Kxd7 59. Kg6 f5 60. exf5 Ke7 61. Kxg7 Ke8 62. f6 Kd7 63. f7 Kd6 64. f8=Q+ Ke5 65.
Kxh6 Kd4 66. g5 Kc4 67. g6 Kd5 68. g7 Kc6 69. g8=Q Kb5 70. Qf6 Kc5 71. Qgg5+ Kc4 72. Qff4+ Kd3 73. Qgg3+ Kc2 74. Qff2+ Kb1 75. Qgg1# 1-0

[Event "Early-Titled-Tuesday-Blitz-March-19-2024"]
[Site "Chess.com"]
[Date "2024.03.19"]
[Round "1"]
[White "GP9isback23"]
[Black "vi_pranav"]
[Result "0-1"]
[WhiteElo "2561"]
[BlackElo "3051"]
[TimeControl "180+1"]
[EndTime "8:08:24 PDT"]
[Termination "vi_pranav won by resignation"]

1. d4 Nf6 2. Nf3 b5 3. e3 a6 4. c3 Bb7 5. a4 bxa4 6. Rxa4 e6 7. Nbd2 Be7 8. Be2 O-O 9. O-O d6 10. Bd3 Nbd7 11. Qe2 a5 12. b3 Nb6 13. Ra2 a4 14. b4 c5 15. bxc5 dxc5 16. Bb2 cxd4 17.
cxd4 a3 18. Bc3 Nbd5 19. Rc1 Nxc3 20. Rxc3 Qa5 21. Rc1 Bd5 22. Bc4 Rfc8 23. Rca1 Ne4 24. Bxd5 Nc3 25. Qd3 Nxd5 26. Rc2 Rxc2 27. Qxc2 Qc3 28.
Qxc3 Nxc3 29. Ne1 a2 30. Nd3 Rb8 31. Kf1 Rb1+ 32. Nxb1 axb1=Q+ 33. Rxb1 Nxb1 34. Ke2 Kf8 35. g3 Bd6 36. Nb2 Ke7 37. f4 f5 38. Kd3 Bb4 39.
Nc4 Nc3 40. Ne5 Nd5 41. Nc6+ Kd6 42. Ne5 Nf6 43. Ke2 Kd5 44. Kf3 Bd6 45. Nd3 Ne4 46.
h3 Kc4 47. Ne1 Kc3 48. g4 g6 49. Ke2 Ba3 50. Nf3 Bd6 51. Nh4 Kc2 52. Nf3 Nc3+ 53. Kf2 Kd3 54. Ne1+ Ke4 55. Ng2 Ba3 56.
gxf5 gxf5 57. Nh4 Nd1+ 58. Ke2 Nxe3 59. Nf3 Nd5 60. Ng5+ Kxf4 61. Nxe6+ Kg3 62. Ng7 f4 63. Nh5+ Kg2 64. Nxf4+ Nxf4+ 65. Ke3 Nxh3 66. Ke4 Kg3 67. Kf5 h5 68. d5 h4 0-1

[Event "Early-Titled-Tuesday-Blitz-March-19-2024"]
[Site "Chess.com"]
[Date "2024.03.19"]
[Round "1"]
[White "Zhigalko_Sergei"]
[Black "SARGISMV"]
[Result "1-0"]
[WhiteElo "2853"]
[BlackElo "2480"]
[TimeControl "180+1"]
[EndTime "8:08:25 PDT"]
[Termination "Zhigalko_Sergei won on time"]

1. e4 e6 2. d4 d5 3. e5 c5 4. c3 Nc6 5. Nf3 Bd7 6. Be2 f6 7. O-O fxe5 8. Nxe5 Nxe5 9. dxe5 Qc7 10. c4 Qxe5 11.
Re1 O-O-O 12. Bf3 Qd4 13. cxd5 Qxd1 14. Rxd1 exd5 15. Rxd5 Nf6 16. Rd1 Be7 17. Nc3 Bg4 18. Bxg4+ Nxg4 19. Bf4 Rxd1+ 20. Rxd1 Rd8 21. Re1 Bf6 22.
Ne4 Bd4 23. h3 Rf8 24. Bg3 Nf6 25. Nd6+ Kd7 26. Nf5 Bxb2 27. Rb1 Bd4 28. Rxb7+ Kc6 29. Rxa7 Ne4 30. Rc7+ Kd5 31. Rd7+ Kc4 32. Nd6+ Nxd6 33. Rxd6 Ra8 34. Rd7 Rxa2 35. h4 Kd3 36. h5 h6 37. Kh2 Ke4 38. f3+ Kf5 39. Bc7 Kg5 40. Rd5+ Kf6 41. Kh3 Ke6 42. Rd6+ Ke7 43. Rd5 Re2 44. Bb6 Ke6 45. Rd8 Rc2 46. f4 Kf7 47.
Rd7+ Ke6 48. Rd8 Kf5 49. g3 Ke4 50. Kg4 Rh2 51. Re8+ Kd3 52. Rd8 Kc4 53. Rd7 Kd3 54.
Bxc5 Rg2 55. Bxd4 Ke4 56. Bxg7 Rxg3+ 57. Kxg3 Kf5 58. Rd5+ Ke6 59. Re5+ Kf7 60. Bxh6 Kg8 61. Bg5 Kh7 62. Re6 1-0

[Event "Early-Titled-Tuesday-Blitz-March-19-2024"]
[Site "Chess.com"]
[Date "2024.03.19"]
[Round "1"]
[White "Balla_Tamas"]
[Black "SAInt_666"]
[Result "0-1"]
[WhiteElo "2407"]
[BlackElo "2747"]
[TimeControl "180+1"]
[EndTime "8:08:26 PDT"]
[Termination "SAInt_666 won by resignation"]

1. e4 c5 2. c3 Nf6 3. e5 Nd5 4. d4 cxd4 5. Nf3 Nc6 6. cxd4 d6 7. Bc4 Nb6 8. Bb5 dxe5 9. Nxe5 Bd7 10. Nxd7 Qxd7 11.
Nc3 e6 12. Be3 Be7 13. O-O O-O 14. Qg4 f5 15. Qe2 Bf6 16. Rad1 Rad8 17. Rfe1 a6 18. Bd3 Rfe8 19. Bc2 Nb4 20. Bb3 N4d5 21. Nxd5 Nxd5 22.
Qd2 h6 23. Bf4 Kh7 24. Be5 Bg5 25. Qd3 Qf7 26. Bxd5 Rxd5 27. f4 Bd8 28. Rc1 Bb6 29.
Kh1 Red8 30. Qb3 Bxd4 31. Bxd4 Rxd4 32. Rxe6 Rd1+ 33. Rxd1 Qxe6 34. Qc2 Rxd1+ 35. Qxd1 Qxa2 36. Qc1 Qd5 37. h3 Qe4 38. Qd2 b6 39. h4 a5 40.
h5 a4 41. Qd6 Qe1+ 42. Kh2 Qh4+ 43. Kg1 Qxh5 44. Qxb6 Qd1+ 45. Kh2 Qd2 46. Kg3 Qe2 47. Qb4 Qd1 48. Kh2 Qc2 49. Qb5 Qe4 50. Qf1 Qd4 51.
Qc1 Kg6 52. g3 Kh7 53. Kh3 Qe4 54. Qd2 Qh1+ 55. Qh2 Qxh2+ 56. Kxh2 Kg6 57. Kg2 Kf6 58. Kf3 Ke6 59. g4 fxg4+ 60. Kxg4 g6 61. Kh4 Kf5 62. Kg3 h5 63. Kf3 h4 64. Ke3 h3 65. Kf3 h2 66.
Kg2 Kxf4 67. Kxh2 Ke3 0-1

[Event "Early-Titled-Tuesday-Blitz-March-19-2024"]
[Site "Chess.com"]
[Date "2024.03.19"]
[Round "1"]
[White "akanga001"]
[Black "DrCeltic"]
[Result "0-1"]
[WhiteElo "2007"]
[BlackElo "2585"]
[TimeControl "180+1"]
[EndTime "8:08:28 PDT"]
[Termination "DrCeltic won on time"]

1. d4 Nf6 2. c4 c6 3. Nc3 d5 4.
e3 Bf5 5. Qb3 Qb6 6. Nf3 e6 7.
Ne5 Nbd7 8. Nxd7 Nxd7 9. cxd5 exd5 10. Qd1 Bd6 11. Bd3 Bxd3 12. Qxd3 O-O 13. O-O Nf6 14. e4 dxe4 15. Nxe4 Nxe4 16. Qxe4 Rfe8 17. Qg4 Rad8 18.
Bh6 Bf8 19. Bg5 Rxd4 20. Qg3 Rd5 21. Be3 Bc5 22. Bh6 Bd4 23. Rfe1 Qd8 24. Be3 Be5 25. Qf3 Bxb2 26. Rab1 Bc3 27. Rec1 Bd2 28. Bxd2 Rxd2 29. Rxb7 Qf6 30. Qxf6 gxf6 31. Rxa7 Ree2 32. Rf1 Rxa2 33.
Rc7 Rac2 34. g3 Kg7 35. Kg2 c5 36. Kf3 c4 37. Rxc4 Rxf2+ 38. Rxf2 Rxc4 39. g4 Kg6 40. h4 f5 41. gxf5+ Kxf5 42. Kg3+ Kg6 43. Ra2 Rc3+ 44.
Kg4 f5+ 45. Kf4 Rc4+ 46. Kg3 Rg4+ 47. Kh3 Kh5 48. Ra5 Rxh4+ 49. Kg3 Rg4+ 50. Kh3 Kg5 51. Ra7 h5 52. Rg7+ Kh6 53. Ra7 Kg6 54. Ra6+ Kg5 55. Rb6 Ra4 56. Rb5 Ra3+ 57. Kh2 h4 58. Rb7 Ra2+ 59.
Kh3 Ra3+ 60. Kh2 f4 61. Rb5+ Kg4 62. Rb4 Ra2+ 63. Kh1 h3 64. Rb7 Ra1+ 65. Kh2 Ra2+ 66. Kh1 f3 67. Rg7+ Kf4 68. Rf7+ Kg3 69. Rg7+ Kf2 70.
Kh2 Kf1+ 71. Kxh3 f2 72. Kg3 Ra3+ 73. Kh2 Ke2 74. Re7+ Re3 0-1

[Event "Early-Titled-Tuesday-Blitz-March-19-2024"]
[Site "Chess.com"]
[Date "2024.03.19"]
[Round "1"]
[White "venturov"]
[Black "Flawless_Fighter"]
[Result "0-1"]
[WhiteElo "2477"]
[BlackElo "2843"]
[TimeControl "180+1"]
[EndTime "8:08:29 PDT"]
[Termination "Flawless_Fighter won by resignation"]

1. e4 c6 2. Nf3 d5 3. d3 Qc7 4. g3 e5 5. Bg2 dxe4 6. dxe4 Bc5 7. O-O h6 8. Nbd2 Nf6 9. Qe2 O-O 10. b3 Nbd7 11. Bb2 Re8 12. a4 a5 13. Nc4 b6 14.
Rfd1 Ba6 15. Nfd2 Rad8 16. Qf3 Nf8 17. Ne3 Ne6 18. Nf5 Nh7 19. Nc4 Bxc4 20. bxc4 Nhf8 21. Rd3 Nd4 22. Bxd4 Bxd4 23. Rad1 Bc5 24. Qg4 Ne6 25. Nxh6+ Kf8 26. Nf5 g6 27. Qh4 Kg8 28. Qf6 gxf5 29. exf5 Be7 30. Qh6 Rxd3 31. Rxd3 Bf8 32. Qh5 Ng7 33.
Qg4 f6 34. h4 Rd8 35. h5 Rxd3 36. cxd3 Kh8 37. h6 Ne8 38. Qg6 Qe7 39. Bxc6 Nd6 40. Bd5 Bg7 41. hxg7+ Qxg7 42. Qh5+ Qh7 43. Qxh7+ Kxh7 44.
g4 Kh6 45. Kg2 Kg5 46. Kg3 Ne8 47. f3 Nd6 48. Be6 Nb7 49. Bd5 Nc5 50. Be4 Nxa4 51.
Kf2 Nc5 52. Bc6 a4 53. Bxa4 Nxa4 54. Ke3 Nc5 55. d4 exd4+ 56. Kxd4 Kf4 57. Kd5 Kxf3 58. g5 fxg5 59. f6 Nd7 60. f7 g4 61. Ke6 Nf8+ 62.
Ke7 Nh7 63. Kd6 g3 64. Kc6 g2 65. Kxb6 g1=Q+ 66. c5 Nf8 67. Kc6 Qg6+ 68. Kc7 Qxf7+ 69. Kb6 Nd7+ 0-1

[Event "Early-Titled-Tuesday-Blitz-March-19-2024"]
[Site "Chess.com"]
[Date "2024.03.19"]
[Round "1"]
[White "IngOscarArdila"]
[Black "grzechu96"]
[Result "0-1"]
[WhiteElo "2398"]
[BlackElo "2733"]
[TimeControl "180+1"]
[EndTime "8:08:30 PDT"]
[Termination "grzechu96 won on time"]

1. d3 d5 2. Nd2 Nf6 3. e4 e5 4. Ngf3 Nc6 5. Be2 Bd6 6. O-O O-O 7. c3 a5 8. Qc2 Re8 9. a4 Bf8 10. Rd1 h6 11. Nf1 Be6 12. Ne3 Qd7 13. b3 d4 14.
cxd4 exd4 15. Nc4 b6 16. Bf4 Bb4 17. Nfe5 Nxe5 18. Nxe5 Qc8 19. Rdc1 Bc3 20. Rab1 c5 21. Nc4 Qc6 22. Bf3 Nd7 23. Nd6 Rf8 24. Bg3 Bb4 25. Qe2 Rad8 26. Nf5 Rfe8 27. Nxd4 Qc8 28.
Nb5 Rf8 29. Bd6 Rfe8 30. Nc7 Nb8 31. Nxe8 Nc6 32. Nxg7 Rxd6 33. Nf5 Bxf5 34. exf5 Nd4 35. Qe3 Qxf5 36. Be4 Qg5 37. Qxg5+ hxg5 38. Kf1 f5 39. Bb7 Kg7 40. Ba6 Re6 41. Bc4 Re2 42. Bd5 g4 43.
h3 Kf6 44. hxg4 fxg4 45. Be4 Kg5 46. Rd1 Kf4 47. Kg1 Kg5 48. g3 Ra2 49. Kg2 Nc2 50.
Kg1 Bc3 51. Rdc1 Bd4 52. b4 Nxb4 53. Rf1 Re2 54. Kg2 Ra2 55. Ra1 Rxa1 56. Rxa1 Bxa1 57.
f4+ Kf6 58. Bb7 Bd4 59. Bc8 Nxd3 60. Bxg4 c4 61. Be2 Nb2 62. Kf3 c3 63. Bd3 Nxd3 0-1

[Event "Early-Titled-Tuesday-Blitz-March-19-2024"]
[Site "Chess.com"]
[Date "2024.03.19"]
[Round "1"]
[White "Gennady_Kozlov"]
[Black "Mandaloriana19"]
[Result "1/2-1/2"]
[WhiteElo "2661"]
[BlackElo "2341"]
[TimeControl "180+1"]
[EndTime "8:08:30 PDT"]
[Termination "Game drawn - insufficient material"]

1. b3 b6 2. Bb2 Bb7 3. e3 e6 4.
f4 Nf6 5. Nf3 Be7 6. Be2 O-O 7.
O-O c5 8. Qe1 d6 9. Qg3 Nbd7 10.
Nc3 a6 11. d3 b5 12. Ne4 Qb6 13. Rae1 Bc6 14. Nfg5 Qb7 15. Bf3 h6 16. Nh3 a5 17.
Nhf2 a4 18. Ng4 Kh7 19. Qh4 Bxe4 20. dxe4 a3 21. e5 Nxg4 22. Qxe7 d5 23. Bc1 h5 24. Bxg4 hxg4 25. Qh4+ Kg8 26. Qxg4 c4 27. Rf3 Rfc8 28.
Qh4 Nf8 29. f5 exf5 30. Rxf5 Ng6 31. Qg5 cxb3 32. cxb3 Ra7 33. h4 Qe7 34. h5 Qxg5 35.
Rxg5 Nf8 36. h6 g6 37. e6 Nxe6 38. Rxd5 Rc2 39. Rd2 Rac7 40. Rxc2 Rxc2 41. Bxa3 Rxa2 42. Bd6 Kh7 43. Rf1 f5 44. Bf4 Nxf4 45. Rxf4 Kxh6 46.
Rb4 Re2 47. Rxb5 Rxe3 48. Kf2 Rc3 49. b4 Kg5 50. Rb7 Kf4 51. Rg7 Rc2+ 52. Kg1 g5 53.
Kh2 g4 54. Rd7 Rb2 55. Rd4+ Kg5 56. Kg3 Rb3+ 57. Kf2 Rb2+ 58. Kg3 Rb3+ 59. Kh2 Kh4 60. Kg1 Kg3 61. Kf1 Rb1+ 62. Ke2 Rb2+ 63. Ke3 Rb3+ 64. Kd2 Rb2+ 65. Kc3 Rxg2 66. b5 Rg1 67. Rd3+ Kf2 68. Rd2+ Kf3 69. b6 Rc1+ 70. Rc2 Rxc2+ 71. Kxc2 g3 72. b7 g2 73. b8=Q g1=Q 74. Qb7+ Kf2 75.
Qb6+ Kg2 76. Qg6+ Kh2 77. Qh5+ Kg2 78. Qg5+ Kh2 79. Qh4+ Kg2 80. Qg5+ Kh2 81. Qxf5 Qg2+ 82. Kd1 Qg1+ 83. Ke2 Qg2+ 84. Ke3 Qh3+ 85. Qxh3+ Kxh3 1/2-1/2